 Dungeon Crawl Stone Soup version 0.31-a0-1082-g7d1fb776a8 (webtiles) character file.

Game seed: 12037315049463795302

298513 Flugslaktarn the Spry (level 20, -8/208 HPs)
             Began as an Octopode Shapeshifter on Nov 28, 2023.
             Was a High Priest of Ashenzari.
             Mangled by Huleg the pandemonium lord (37 damage)
             ... on level 15 of the Dungeon.
             The game lasted 00:31:15 (29985 turns).

Flugslaktarn the Spry (Octopode Shapeshifter)      Turns: 29985, Time: 00:31:16

Health: -8/208     AC: 31    Str: 20      XL:     20   Next: 50%
Magic:  29/29      EV: 32    Int: 11 (12) God:    Ashenzari [*****.]
Gold:   1478       SH: 15    Dex: 14 (16) Spells: 20/20 levels left

rFire   + .          .
                       - Unarmed
rCold   + . .        Q - +0 kite shield "Bitterness of Ashenzari" {Cun, Elem} (curse)
rNeg    + + .        G - -2 hat of the Alchemist {rElec rPois rF+ rC+ rN+ Will+ rMut rCorr, Dev, Self} (curse)
rPois   ∞            D - amulet "Sybil of Ashenzari" {Regen+, Elem, Dev} (curse)
rElec   +            r - ring "Thunder Perfect Mind" {MP+9, Dev, Melee} (curse)
rCorr   +            j - ring "Profound Augurer" {Slay+4, Melee, Self} (curse)
SInv    +            L - ring of the Perceptive Sky {EV+5, Alch, Self} (curse)
Will    ++...        k - ring of Toth-Mos's Legacy {rCorr, Dev, Range} (curse)
Stlth   +            c - ring of the Esoteric Repose {rC+, Dev, Elem} (curse)
HPRegen 1.34/turn    v - ring of the Eye in the Sky {EV+5, Dev, Fort} (curse)
MPRegen 0.21/turn    F - ring of the Prescient Pleiades {Fire, Cun, Bglg} (curse)
                     (no ring)

%: clarity, resist mutation
@: statue-form, very slow
A: slow and powerful, torment resistance 1, boosted hp, almost no armour,
amphibious, 8 rings, camouflage 1, (gelatinous body 1), (nimble swimmer 1),
tentacles, deterioration 1, strong 1, heat vulnerability 1
0: Orb of Zot
}: 3/15 runes: barnacled, abyssal, gossamer
a: Begin Untransformation, Renounce Religion, Curse Item, Shatter the Chains


You were on level 15 of the Dungeon.
You worshipped Ashenzari.
Ashenzari was extremely pleased with you.
You were a living statue of rough stone.
You visited 7 branches of the dungeon, and saw 38 of its levels.
You visited the Abyss 1 time.
You also visited: Gauntlet.

You collected 3002 gold pieces.
You spent 1524 gold pieces at shops.

Inventory:

Hand Weapons
 a - a +2 long sword of distortion
   (You took it off a vampire knight on level 3 of the Depths)
Missiles
 s - a curare-tipped dart (quivered)
 u - 8 throwing nets
Armour
 G - the cursed -2 hat of the Alchemist (worn) {rElec rPois rF+ rC+ rN+ Will+ rMut rCorr, Dev, Self}
   (You acquired it on level 3 of the Lair of Beasts)

   rF+:       It protects you from fire.
   rC+:       It protects you from cold.
   rElec:     It insulates you from electricity.
   rPois:     It protects you from poison rN+: It protects you from negative
   energy.
   Will+:     It increases your willpower.
   rCorr:     It protects you from acid and corrosion.
   rMut:      It protects you from mutation.
   It has a curse which improves the following skills: Devices: Evocations and
   Shapeshifting.
   Introspection: Fighting and Spellcasting.
 M - a +2 buckler
   (You took it off a spriggan on level 5 of the Lair of Beasts)
 P - a +0 tower shield
   (You took it off Louise on level 14 of the Dungeon)
 Q - the cursed +0 kite shield "Bitterness of Ashenzari" (worn) {Cun, Elem}
   (You took it off a vault guard on level 14 of the Dungeon)

   It has a curse which improves the following skills: Cunning: Dodging and
   Stealth.
   Elements:  Fire Magic, Ice Magic, Air Magic and Earth Magic.
Jewellery
 c - the cursed ring of the Esoteric Repose (on tentacle) {rC+, Dev, Elem}
   (You found it on level 2 of the Lair of Beasts)

   [ring of protection from cold]

   rC+:       It protects you from cold.
   It has a curse which improves the following skills: Devices: Evocations and
   Shapeshifting.
   Elements:  Fire Magic, Ice Magic, Air Magic and Earth Magic.
 j - the cursed ring "Profound Augurer" (right tentacle) {Slay+4, Melee, Self}
   (You found it on level 7 of the Dungeon)

   [ring of slaying]

   Slay+4:    It affects your accuracy & damage with ranged weapons and melee
   (+4).
   It has a curse which improves the following skills: Melee Combat: Short
   Blades, Long Blades, Axes, Maces & Flails, Polearms, Staves and Unarmed
   Combat.
   Introspection: Fighting and Spellcasting.
 k - the cursed ring of Toth-Mos's Legacy (on tentacle) {rCorr, Dev, Range}
   (You found it on level 10 of the Dungeon)

   [ring of resist corrosion]

   rCorr:     It protects you from acid and corrosion.
   It has a curse which improves the following skills: Devices: Evocations and
   Shapeshifting.
   Ranged Combat: Ranged Weapons and Throwing.
 m - a ring of willpower
   (You took it off a merfolk on level 4 of the Shoals)
 r - the cursed ring "Thunder Perfect Mind" (left tentacle) {MP+9, Dev, Melee}
   (You found it on level 2 of the Dungeon)

   [ring of magical power]

   MP+9:      It affects your magic capacity (+9).
   It has a curse which improves the following skills: Devices: Evocations and
   Shapeshifting.
   Melee Combat: Short Blades, Long Blades, Axes, Maces & Flails, Polearms,
   Staves and Unarmed Combat.
 v - the cursed ring of the Eye in the Sky (on tentacle) {EV+5, Dev, Fort}
   (You found it on level 5 of the Lair of Beasts)

   [ring of evasion]

   EV+5:      It affects your evasion (+5).
   It has a curse which improves the following skills: Devices: Evocations and
   Shapeshifting.
   Fortitude: Shields.
 D - the cursed amulet "Sybil of Ashenzari" (around mantle) {Regen+, Elem, Dev}
   (You found it in a Gauntlet)

   [amulet of regeneration]

   Regen+:    It increases your rate of health regeneration.
   It has a curse which improves the following skills: Elements: Fire Magic, Ice
   Magic, Air Magic and Earth Magic.
   Devices:   Evocations and Shapeshifting.
 F - the cursed ring of the Prescient Pleiades (on tentacle) {Fire, Cun, Bglg}
   (You took it off a minotaur in a Gauntlet)

   [ring of fire]

   Fire:      It enhances your fire magic.
   rF+:       It protects you from fire.
   rC-:       It makes you vulnerable to cold.
   It has a curse which improves the following skills: Cunning: Dodging and
   Stealth.
   Beguiling: Conjurations, Hexes and Translocations.
 L - the cursed ring of the Perceptive Sky (on tentacle) {EV+5, Alch, Self}
   (You took it off Erica on level 9 of the Dungeon)

   [ring of evasion]

   EV+5:      It affects your evasion (+5).
   It has a curse which improves the following skills: Alchemy: Poison Magic and
   Transmutations.
   Introspection: Fighting and Spellcasting.
 W - a ring of willpower
   (You found it on level 3 of the Depths)
 X - a ring of willpower
   (You took it off a draconian stormcaller on level 2 of the Realm of Zot)
Talismans
 b - a beast talisman
 o - a blade talisman
   (You found it on level 7 of the Dungeon)
 I - a flux talisman
 O - a granite talisman (active)
   (You took it off Roxanne on level 14 of the Dungeon)
Wands
 x - a wand of roots (25)
   (You found it on level 8 of the Dungeon)
 y - a wand of quicksilver (13)
   (You found it in a Gauntlet)
 J - a wand of paralysis (1)
   (You took it off an orc priest on level 11 of the Dungeon)
Scrolls
 e - a scroll of revelation
 f - 2 scrolls of immolation
 l - 4 scrolls of enchant armour
 t - 3 scrolls of teleportation
 B - a scroll of poison
 E - 4 scrolls of fog
 K - 2 scrolls of silence
 S - a scroll of summoning
Potions
 d - 4 potions of might
 n - 4 potions of resistance
 p - 7 potions of enlightenment
 q - 8 potions of curing
 w - a potion of heal wounds
 A - 4 potions of magic
 H - a potion of invisibility
 N - 2 potions of berserk rage
 R - 2 potions of ambrosia
 T - 4 potions of attraction
 V - 6 potions of lignification
Miscellaneous
 C - a tin of tremorstones (2/2)
   (You found it on level 3 of the Lair of Beasts)
 U - a phial of floods
   (You found it on level 4 of the Shoals)


   Skills:
 + Level 16.9(20.9) Fighting
 + Level 17.7(20.6) Dodging
 * Level 16.6(18.6) Shields
 + Level 16.1(19.1) Unarmed Combat
 - Level 4.6(10.6) Evocations
 - Level 15.0(21.6) Shapeshifting


You had 20 spell levels left.
You didn't know any spells.
Your spell library was empty.

Dungeon Overview and Level Annotations

Branches:
Dungeon (15/15)            Temple (1/1) D:4            Lair (5/5) D:9
 Shoals (4/4) Lair:3       Spider (4/4) Lair:3        Slime (0/5) Lair:4
    Orc (0/2) D:10         Vaults (0/5) D:14         Depths (4/4) D:15
    Zot (5/5) Depths:4    Gauntlet (visited)

Altars:
Ashenzari
Cheibriados
Dithmenos
Elyvilon
Fedhas
Gozag
Hepliaklqana
Kikubaaqudgha
Makhleb
Nemelex Xobeh
Okawaru
Qazlal
Ru
Sif Muna
Trog
Uskayaw
Vehumet
Wu Jian
Xom
Yredelemnul
Zin
The Shining One

Shops:
D:2 ?[(   D:4 ?[   D:5 ?   D:10 *   D:15 !   Shoals:1 [   Shoals:4 [
Depths:3 (

Portals:
Hell: Depths:3
Pandemonium: Depths:3

Annotations:
Depths:1 1 runed translucent door


Innate Abilities, Weirdness & Mutations

You are a living statue of rough stone.
Your actions are slow, but your melee attacks are powerful.
You are resistant to unholy torment.
Your maximum health is greatly increased.
You cannot wear most types of armour.
You are amphibious.
You can wear up to eight rings at the same time.
You are immune to poison.
Your skin changes colour to match your surroundings (Stealth+).
((Your rubbery body absorbs attacks. (AC +1, EV +1)))
((You are camouflaged when in or above water. (Stealth+)))
You have tentacles for arms and can constrict up to eight enemies at once.
Your body sometimes deteriorates upon taking damage.
Your muscles are strong. (Str +4, Int/Dex -1)
You are vulnerable to heat. (rF-)


Message History

There is a stone staircase leading down here.
You batter the Executioner!!
The Executioner is moderately wounded.
The Executioner completely misses you. You block the Executioner's attack.
The Executioner completely misses you.
The Executioner hits you but does no damage.
The Executioner completely misses you. The Executioner barely misses you.
You bludgeon the Executioner!
Your tentacle-slap misses the Executioner.
You squeeze the Executioner!!
The Executioner is severely wounded.
The Executioner completely misses you. You block the Executioner's attack. x2
The Executioner hits you! The Executioner barely misses you.
You block the Executioner's attack. The Executioner barely misses you.
The Executioner completely misses you. The Executioner barely misses you.
The Executioner hits you! The Executioner hits you.
The Executioner completely misses you.
You barely miss the Executioner. You squeeze the Executioner!!
You kill the Executioner!
No target in view!
You see here a +0 troll leather armour.
There is a stone staircase leading up here.
You climb upwards.
Level annotation: 1 runed translucent door
There is a stone staircase leading down here.
A demonspawn black sun and a demonspawn warmonger come into view.
The demonspawn warmonger is wielding a +0 antimagic glaive and wearing a +4 plate armour of cold resistance.
You see here +0 ice dragon scales.
Unknown command.
The demonspawn warmonger shouts!
The demonspawn warmonger calls upon its god to speed up the demonspawn black sun.
The demonspawn black sun seems to speed up.
There is a staircase back to the Dungeon, spattered with blood here.
The demonspawn black sun calls down the wrath of Kikubaaqudgha upon you.
The bolt of negative energy misses you.
You climb upwards.
Welcome back to the Dungeon!
A Huleg and a large abomination come into view.
There is a staircase to the Depths here.
There are monsters nearby!
Unknown command.
You batter Huleg!!
You tentacle-slap Huleg, but do no damage.
Huleg is lightly wounded.
You batter Huleg!! You squeeze Huleg, but do no damage.
Huleg is moderately wounded.
You block Huleg's attack.
You batter Huleg!!
Huleg is moderately wounded.
Huleg hits you!!
Your body deteriorates!
You feel clumsy. Huleg burns you. Huleg hits you! Huleg burns you.
You tentacle-slap Huleg.
Huleg is moderately wounded.
You block Huleg's attack. Huleg hits you.
You thrash Huleg!!! You squeeze Huleg!!
Huleg is heavily wounded.
Huleg misses you. The large abomination hits you! Huleg completely misses you.
You bludgeon Huleg!
Huleg is heavily wounded.
Huleg hits you!! Huleg burns you.
You block the large abomination's attack.
You tentacle-slap Huleg but do no damage.
Your tentacle-slap misses Huleg.
You squeeze Huleg!
Huleg is heavily wounded.
Huleg completely misses you. The large abomination misses you.
Huleg misses you.
You batter Huleg!!
Huleg is severely wounded.
Huleg hits you! Huleg burns you.
The large abomination completely misses you.
Huleg hits you.
You batter Huleg!!
Huleg is severely wounded.
Huleg hits you!!! Huleg burns you! The large abomination misses you.
You are too injured to fight recklessly!
You bludgeon Huleg! You tentacle-slap Huleg!
Huleg is almost dead.
Huleg hits you!!
* * * LOW HITPOINT WARNING * * *
Your body deteriorates!
You feel clumsy. Huleg burns you.
* * * LOW HITPOINT WARNING * * *
The large abomination completely misses you.
You block Huleg's attack.
You tentacle-slap Huleg but do no damage.
Your squeeze misses Huleg.
Huleg is almost dead.
Huleg hits you but does no damage.
The large abomination closely misses you.
You bludgeon Huleg!
Huleg is almost dead.
You block Huleg's attack. The large abomination hits you!
* * * LOW HITPOINT WARNING * * *
Huleg misses you.
You barely miss Huleg. You squeeze Huleg!
Huleg is almost dead.
You block Huleg's attack.
The large abomination completely misses you.
Huleg hits you!!!
You die...

.##......#.# #.###..## #...#
.........#.#####.......#####...##
.#####..(#.....##.##[............
.# ##.#.#.#..#..##.............
.#####...#.).#[#.....^...........
....####.#.....#.###.#.#####...##
###.# #.#⌠..#.')......# #...# #.#
##.####'####...### #...#
#.###....'.#.&8#.#<# ##...##
#.....##.#...X.#.### #<....#
###..#####.#.#...#...# #......
........##.#..#.#.#.## #......
#.#..##.##.#.....#...# ##...)#
..#........#####.#.[.# #######.#
#.#.######## #.#[..# #........
....# ####### #.#####.# ..###
#####.# ###.#


You could see Huleg and a large abomination.

Vanquished Creatures
  3 curse toes (Zot:3)
  A profane servitor (Depths:3)
  Norris (D:15)
  3 golden dragons
  A bone dragon (Depths:4)
  A walking crystal tome (Depths:3)
  7 tentacled monstrosities
  A lich (Depths:2)
  4 quicksilver dragons (Zot:2)
  Frances (D:14)
  3 Executioners
  A sphinx (Depths:1)
  5 death cobs
  5 storm dragons
  10 shadow dragons
  Roxanne (D:14)
  A draconian monk (Zot:2)
  2 draconian knights
  3 fire giants
  9 emperor scorpions
  3 draconian scorchers
  A balrug (Depths:3)
  2 draconian annihilators (Zot:2)
  6 ghost moths
  Louise (D:14)
  3 draconian stormcallers (Zot:2)
  A draconian shifter (Depths:4)
  2 frost giants
  A broodmother (Spider:4)
  A reaper (Depths:3)
  6 green draconians
  A war gargoyle (Abyss:4)
  11 very ugly things
  2 stone giants
  5 black draconians
  4 red draconians
  3 vampire knights (Depths:3)
  A minotaur (Gauntlet)
  3 yellow draconians
  3 white draconians
  4 purple draconians
  4 spark wasps
  An ettin (Depths:4)
  2 entropy weavers (Spider:4)
  4 merfolk impalers
  7 merfolk javelineers
  A fire dragon (Depths:4)
  3 rakshasas
  An entropy weaver (shapeshifter) (D:13)
  A spriggan air mage (Depths:3)
  3 vault guards (D:14)
  8 two-headed ogres
  4 ice dragons
  5 hydras
  An ogre mage (D:15)
  6 merfolk avatars
  3 catoblepae
  4 centaur warriors
  An alligator snapping turtle (Shoals:4)
  A radroach (Spider:3)
  Erica (D:9)
  6 deep troll shamans
  5 merfolk aquamancers (Shoals:4)
  3 death yaks (Lair:3)
  3 tengu warriors
  7 boulder beetles
  3 spriggan berserkers
  4 demonic crawlers
  A vampire mage (Depths:3)
  4 deep troll earth magi
  8 skysharks
  7 iron trolls
  Amaemon (Lair:3)
  8 pharaoh ants
  8 sea snakes
  13 deep trolls
  A large abomination (Depths:3)
  4 shadow wraiths (Depths:3)
  3 orb spiders
  3 glowing orange brains (Depths:2)
  An arcanist (D:15)
  A death drake (Abyss:4)
  5 steelbarb worms
  19 harpies
  A flayed ghost (Depths:4)
  A deep elf pyromancer (D:12)
  A mana viper (shapeshifter) (Depths:4)
  A necromancer (D:15)
  10 wolf spiders
  26 ugly things
  8 cyclopes
  15 manticores
  16 moths of wrath
  3 fauns
  5 black mambas
  6 merfolk sirens
  An orange demon (Lair:3)
  A gargoyle (D:12)
  3 water nymphs
  9 cane toads
  7 komodo dragons
  6 rime drakes
  2 efreet
  2 tormentors (Depths:3)
  5 catoblepas skeletons (Abyss:4)
  5 tengu conjurers
  A freezing wraith (D:14)
  3 trolls
  A wind drake (Shoals:4)
  A meliai (shapeshifter) (D:14)
  8 polar bears
  11 tarantellas
  9 hornets
  35 merfolk
  A blink frog (shapeshifter) (D:14)
  5 blink frogs
  4 dream sheep
  A jumping spider (shapeshifter) (D:15)
  24 jumping spiders
  8 snapping turtles
  12 slime creatures
  13 spriggans
  13 culicivoras
  45 yaks
  A wyvern (D:9)
  3 water elementals (Shoals:4)
  5 wraiths
  7 humans (D:14)
  4 basilisks
  25 redbacks
  3 starcursed masses (Abyss:3)
  4 steam dragons
  A warg (D:10)
  2 acid dragons (D:9)
  14 water moccasins
  An ice beast (D:8)
  2 sky beasts
  8 orc warriors
  6 black bears
  3 ogres
  3 boggarts (Lair:5)
  29 wolves
  13 centaurs
  3 kobold brigands
  11 bullfrogs
  4 earth elementals (Abyss:4)
  A gnoll sergeant (D:7)
  9 scorpions
  10 wights
  7 howler monkeys
  An electric eel (D:10)
  3 jellies
  7 hounds
  A gnoll bouda (D:7)
  12 orc priests
  2 sleepcaps
  4 iguanas
  13 orc wizards
  8 adders
  14 gnolls
  3 shadow imps
  A white imp (D:6)
  2 ufetubi (D:7)
  4 worms
  3 dart slugs
  45 orcs
  2 ball pythons
  5 endoplasms
  4 giant cockroaches
  5 goblins
  7 hobgoblins
  4 jackals (D:2)
  24 kobolds
  6 quokkas
  4 bats
  2 frilled lizards (D:3)
  2 rats
1002 creatures vanquished.

Vanquished Creatures (others)
  A ghost moth (Spider:4)
  2 black draconians (Zot:2)
  A harpy (Shoals:3)
  A moth of wrath (Zot:2)
  A tarantella (Spider:4)
  2 humans (D:14)
  2 centaurs (Shoals:3)
  A howler monkey (D:12)
11 creatures vanquished.

Grand Total: 1013 creatures vanquished

Notes
Turn   | Place    | Note
-------+----------+-------------------------------------------
     0 | D:1      | Flugslaktarn the Octopode Shapeshifter began the quest for
                  | the Orb.
     0 | D:1      | Reached XP level 1. HP: 13/13 MP: 1/1
   232 | D:1      | Reached XP level 2. HP: 18/18 MP: 2/2
   920 | D:2      | Reached XP level 3. HP: 19/23 MP: 3/3
   974 | D:2      | Found Lutzew's Weapon Shop.
  1309 | D:2      | Found Paoskodyrr's Antique Armour Emporium.
  1393 | D:2      | Found Kuacik's Magic Scroll Shoppe.
  1421 | D:2      | Found Wiamuusk's Weapon Emporium.
  1836 | D:3      | Found the +7 staff of the Meek {protect, meekguard}
  1888 | D:3      | Reached XP level 4. HP: 28/28 MP: 4/4
  1941 | D:3      | Found a faded altar of an unknown god.
  2283 | D:3      | Reached skill level 5 in Shapeshifting
  2480 | D:3      | Reached XP level 5. HP: 33/33 MP: 5/5
  2736 | D:4      | Reached XP level 6. HP: 39/40 MP: 6/6
  3100 | D:4      | Found Muso Yhe's Antique Armour Shop.
  3104 | D:4      | Found Huhaor's Magic Scroll Shop.
  3104 | D:4      | Noticed a black bear
  3111 | D:4      | Killed a black bear
  3515 | D:4      | Found a staircase to the Ecumenical Temple.
  3518 | D:4      | Reached XP level 7. HP: 40/46 MP: 7/7
  3532 | Temple   | Entered the Ecumenical Temple
  3546 | Temple   | Became a worshipper of Ashenzari the Shackled
  3711 | D:5      | Entered Level 5 of the Dungeon
  3804 | D:5      | Found Sazeafalua's Magic Scroll Shop.
  4149 | D:5      | Found a bloodstained altar of Trog.
  4154 | D:5      | Found a shimmering blue altar of Sif Muna.
  4783 | D:6      | Reached XP level 8. HP: 23/54 MP: 8/8
  4786 | D:6      | Reached skill level 3 in Dodging
  4948 | D:6      | Reached skill level 5 in Fighting
  4954 | D:6      | Reached skill level 4 in Dodging
  5678 | D:6      | Found a blossoming altar of Fedhas.
  5685 | D:6      | Found a shimmering altar of Xom.
  5688 | D:6      | Found an ornate altar of the Wu Jian Council.
  5742 | D:7      | Noticed a boulder beetle
  5854 | D:7      | Reached skill level 5 in Dodging
  6100 | D:7      | Reached XP level 9. HP: 64/64 MP: 9/9
  6210 | D:7      | Killed a boulder beetle
  7451 | D:8      | Reached XP level 10. HP: 73/76 MP: 10/10
  7462 | D:8      | Reached skill level 6 in Dodging
  8048 | D:9      | Noticed Erica
  8268 | D:9      | Killed Erica
  8269 | D:9      | Reached skill level 7 in Dodging
  8522 | D:9      | Reached * piety under Ashenzari
  8554 | D:9      | Found an ancient bone altar of Kikubaaqudgha.
  8557 | D:9      | Found a snail-covered altar of Cheibriados.
  8561 | D:9      | Found an opulent altar of Gozag.
  8664 | D:9      | Identified the +0 pair of boots "Pessotwe" {rElec}
  8778 | D:9      | Reached skill level 8 in Dodging
  9163 | D:9      | Found a staircase to the Lair.
  9610 | D:9      | Reached XP level 11. HP: 74/83 MP: 11/11
  9801 | D:10     | Entered Level 10 of the Dungeon
  9817 | D:10     | Found the +1 robe of Vines {NoPotionHeal Regen++++}
  9828 | D:10     | Noticed a six-headed hydra
 10001 | D:10     | Killed a six-headed hydra
 10002 | D:10     | Reached skill level 5 in Unarmed Combat
 10429 | D:10     | Reached skill level 9 in Dodging
 10492 | D:10     | Found a staircase to the Orcish Mines.
 10494 | D:10     | Noticed a cyclops
 10508 | D:10     | Killed a cyclops
 10509 | D:10     | Reached skill level 10 in Shapeshifting
 10706 | D:10     | Noticed a two-headed ogre
 10717 | D:10     | Killed a two-headed ogre
 10867 | D:10     | Reached ** piety under Ashenzari
 11152 | D:10     | Found Ciujal's General Store.
 11850 | D:11     | Noticed a cyclops
 11854 | D:11     | Killed a cyclops
 12005 | D:11     | Noticed a two-headed ogre
 12043 | D:11     | Killed a two-headed ogre
 12044 | D:11     | Reached XP level 12. HP: 47/90 MP: 12/12
 12302 | D:11     | Reached skill level 10 in Fighting
 12302 | D:11     | Reached skill level 10 in Dodging
 12516 | D:11     | You fall into a shaft and drop 3 floors!
 12564 | D:14     | Noticed a five-headed hydra
 12566 | D:13     | Noticed a two-headed ogre
 12576 | D:13     | Killed a two-headed ogre
 12866 | D:12     | Found a gate leading to a gauntlet.
 12907 | Gauntlet | Entered a Gauntlet
 12907 | Gauntlet | Found a transporter.
 12920 | Gauntlet | Found a transporter.
 12931 | Gauntlet | Noticed a hell beast
 12937 | Gauntlet | Found a transporter.
 12940 | Gauntlet | Found a transporter.
 12949 | Gauntlet | Identified the +0 pair of boots of Ubiquitous Fun {Fly
                  | Str+2}
 12958 | Gauntlet | Found a transporter.
 12958 | Gauntlet | Identified the +3 great mace of Disharmony {chaos, rC-
                  | Str+2 Int+2 Dex+2}
 12969 | Gauntlet | Identified the +0 pair of boots of Sorcery {Str+5}
 12970 | Gauntlet | Found a transporter.
 12971 | Gauntlet | Noticed an occultist
 12971 | Gauntlet | Noticed an occultist
 12974 | Gauntlet | Found a transporter.
 12978 | Gauntlet | Found a transporter.
 12978 | Gauntlet | Identified the +1 hat of Okawaru's Castigation {rN+ Will+}
 13008 | Gauntlet | Found a transporter.
 13008 | Gauntlet | Found a transporter.
 13008 | Gauntlet | Noticed a green death
 13013 | Gauntlet | Noticed a green death
 13016 | Gauntlet | Found a transporter.
 13033 | Gauntlet | Identified the +2 pair of gloves of Athrich {Rampage Drain
                  | rF+}
 13047 | Gauntlet | Identified the amulet of Recklessness {RegenMP Harm rF+
                  | Int+3}
 13057 | Gauntlet | Found a transporter.
 13128 | Gauntlet | Noticed a minotaur
 13139 | Gauntlet | Killed a minotaur
 13507 | D:12     | Identified the +7 dagger of Hoveinol {drain, Will+}
 13984 | Lair:1   | Entered Level 1 of the Lair of Beasts
 14001 | Lair:1   | Identified the +4 rapier of the Fool {speed, rC+}
 14051 | Lair:1   | Identified a scroll of acquirement
 14135 | Lair:1   | Reached skill level 10 in Unarmed Combat
 14858 | Lair:2   | Noticed an eight-headed hydra
 14982 | Lair:2   | Killed an eight-headed hydra
 15107 | Lair:2   | Noticed a six-headed hydra
 15108 | Lair:2   | Reached XP level 13. HP: 100/100 MP: 13/13
 15128 | Lair:2   | Reached *** piety under Ashenzari
 15774 | Lair:3   | Found a hole to the Spider Nest.
 15997 | Lair:3   | Noticed Amaemon
 16005 | Lair:3   | Killed Amaemon
 16082 | Lair:3   | Found a staircase to the Shoals.
 16517 | Lair:3   | Reached skill level 11 in Dodging
 16651 | Lair:3   | Acquired the -2 hat of the Alchemist {rElec rPois rF+ rC+
                  | rN+ Will+ rMut rCorr}
 16651 | Lair:3   | Found the -2 hat of the Alchemist {rElec rPois rF+ rC+ rN+
                  | Will+ rMut rCorr}
 16823 | Lair:4   | Identified the +2 ring mail of Freedom {rPois rC+ Int-5
                  | Dex+6}
 16836 | Lair:4   | Paralysed by a hornet for 3 turns
 16949 | Lair:4   | Reached skill level 12 in Dodging
 17215 | Lair:4   | Found a staircase to the Slime Pits.
 17347 | Lair:5   | Entered Level 5 of the Lair of Beasts
 17642 | Lair:5   | Reached XP level 14. HP: 104/108 MP: 14/14
 17859 | Lair:5   | Reached skill level 13 in Dodging
 18064 | Lair:5   | Reached **** piety under Ashenzari
 18211 | Lair:5   | Reached skill level 14 in Dodging
 18346 | Lair:5   | Paralysed by a hornet for 1 turns
 20143 | D:14     | Noticed Frances
 20153 | D:14     | Killed Frances
 20239 | D:14     | Identified the +0 cloak of the Resonant God {Int+5}
 20586 | D:14     | Noticed Roxanne
 20600 | D:14     | Killed Roxanne
 20683 | D:14     | Noticed Louise
 20687 | D:14     | Killed Louise
 20688 | D:14     | Reached skill level 1 in Shields
 20726 | D:14     | Reached XP level 15. HP: 117/117 MP: 15/15
 20738 | D:14     | Found a gate to the Vaults.
 21040 | D:15     | Entered Level 15 of the Dungeon
 21140 | D:15     | Found Pumunlop's Distillery.
 21146 | D:15     | Bought a potion of ambrosia for 160 gold pieces
 21146 | D:15     | Bought a potion of mutation for 160 gold pieces
 21518 | D:2      | Bought a scroll of acquirement for 572 gold pieces
 21518 | D:2      | Acquired 852 gold pieces
 21574 | D:4      | Bought a scroll of blinking for 82 gold pieces
 21604 | D:5      | Bought a scroll of blinking for 75 gold pieces
 21604 | D:5      | Bought a scroll of blinking for 75 gold pieces
 21813 | Shoals:1 | Entered Level 1 of the Shoals
 21875 | Shoals:1 | Reached skill level 5 in Shields
 21935 | Shoals:1 | Reached ***** piety under Ashenzari
 22171 | Shoals:1 | Found Baoxtew's Armour Boutique.
 22991 | Shoals:4 | Entered Level 4 of the Shoals
 23015 | Shoals:4 | Found Xaxtech's Armour Shop.
 23112 | Shoals:4 | Reached XP level 16. HP: 124/124 MP: 16/16
 23556 | Shoals:4 | Reached skill level 15 in Shapeshifting
 23583 | Shoals:4 | Identified the Information on the Atmosphere and Quicksand
 23768 | Shoals:4 | Got a barnacled rune of Zot
 23826 | Shoals:4 | Identified the Folio of Blows
 24000 | Shoals:4 | Identified the +8 demon blade of Plague {drain, rPois rF+++
                  | rN+ MP-9}
 24015 | Shoals:4 | Identified the +5 plate armour "Hezej" {Dex+3}
 24137 | Spider:1 | Entered Level 1 of the Spider Nest
 24304 | Spider:2 | Reached skill level 15 in Dodging
 24511 | Spider:4 | Entered Level 4 of the Spider Nest
 24531 | Spider:4 | Reached XP level 17. HP: 134/134 MP: 17/17
 24691 | Spider:4 | Reached skill level 10 in Shields
 25261 | Spider:4 | Got a gossamer rune of Zot
 25972 | D:15     | Found a staircase to the Depths.
 26291 | Depths:1 | Entered Level 1 of the Depths
 26293 | Depths:1 | Noticed a sphinx
 26301 | Depths:1 | Killed a sphinx
 26302 | Depths:1 | Noticed Norris
 26323 | D:15     | Killed Norris
 26497 | Depths:1 | Reached XP level 18. HP: 143/143 MP: 18/18
 26566 | Depths:2 | Reached skill level 15 in Fighting
 26582 | Depths:2 | Noticed a lich
 26588 | Depths:2 | Killed a lich
 26592 | Depths:2 | Reached skill level 16 in Dodging
 26701 | Depths:3 | Noticed a walking crystal tome
 26707 | Depths:3 | Killed a walking crystal tome
 26803 | Depths:3 | Found a gateway to Hell.
 27263 | Abyss:3  | Found a corrupted altar of Lugonu.
 27263 | Abyss:3  | Cast into level 3 of the Abyss (unwielding a weapon of
                  | distortion)
 27272 | Abyss:3  | Gained mutation: You are clumsy. (Dex -2) [mutagenic glow]
 27277 | Abyss:3  | Gained mutation: You are vulnerable to heat. (rF-)
                  | [mutagenic glow]
 27278 | Abyss:3  | Found a corrupted altar of Lugonu.
 27289 | Abyss:3  | Gained mutation: You occasionally lose the ability to read
                  | scrolls when taking damage. [mutagenic glow]
 27295 | Abyss:3  | Gained mutation: Your body sometimes deteriorates upon
                  | taking damage. [mutagenic glow]
 27315 | Abyss:4  | Lost mutation: You occasionally lose the ability to read
                  | scrolls when taking damage. [potion of mutation]
 27315 | Abyss:4  | Lost mutation: You are clumsy. (Dex -2) [potion of
                  | mutation]
 27404 | Abyss:4  | Got an abyssal rune of Zot
 27489 | D:15     | Escaped the Abyss
 27498 | Depths:1 | Found a runed translucent gate.
 27564 | Depths:3 | Found Cour's Antique Weapon Shop.
 27641 | D:15     | Bought 2 potions of resistance for 400 gold pieces
 27829 | Depths:3 | Found a one-way gate leading to the halls of Pandemonium.
 28012 | Depths:4 | Entered Level 4 of the Depths
 28069 | Depths:4 | Noticed a bone dragon
 28085 | Depths:4 | Killed a bone dragon
 28111 | Depths:4 | Noticed a golden dragon
 28117 | Depths:4 | Killed a golden dragon
 28118 | Depths:4 | Reached XP level 19. HP: 151/151 MP: 19/19
 28260 | Depths:4 | Reached skill level 15 in Unarmed Combat
 28310 | Depths:4 | Identified the +2 ring mail of the Moon {Int+4}
 28431 | Depths:4 | Found a gate to the Realm of Zot.
 28455 | Zot:1    | Entered Level 1 of the Realm of Zot
 28792 | Zot:1    | Reached skill level 17 in Dodging
 28792 | Zot:1    | Reached skill level 15 in Shields
 28794 | Zot:1    | Noticed an orb of fire
 28802 | Zot:1    | Gained mutation: Your muscles are strong. (Str +4, Int/Dex
                  | -1) [an orb of fire]
 28916 | Zot:2    | Noticed a tentacled monstrosity
 28924 | Zot:2    | Killed a tentacled monstrosity
 29222 | Zot:3    | Noticed a golden dragon
 29234 | Zot:3    | Killed a golden dragon
 29308 | Zot:3    | Noticed a tentacled monstrosity
 29315 | Zot:3    | Killed a tentacled monstrosity
 29320 | Zot:3    | Noticed a tentacled monstrosity
 29329 | Zot:3    | Killed a tentacled monstrosity
 29389 | Zot:3    | Reached XP level 20. HP: 160/160 MP: 20/20
 29427 | Zot:3    | Noticed a curse toe
 29427 | Zot:3    | Identified Likustre's Precepts of Xenomorphic Rot
 29430 | Zot:3    | Noticed a curse toe
 29433 | Zot:3    | Noticed a curse toe
 29436 | Zot:3    | Killed a curse toe
 29441 | Zot:3    | HP: 7/205 [tentacled monstrosity (5)]
 29441 | Zot:3    | HP: 1/205 [shadow dragon (6)]
 29489 | Zot:3    | Killed a curse toe
 29625 | Zot:3    | Killed a curse toe
 29675 | Zot:5    | Entered Level 5 of the Realm of Zot
 29675 | Zot:5    | Noticed a golden dragon
 29685 | Zot:5    | Killed a golden dragon
 29685 | Zot:5    | Noticed a Killer Klown
 29685 | Zot:5    | Noticed a dread lich
 29685 | Zot:5    | Noticed an electric golem
 29685 | Zot:5    | Noticed an orb of fire
 29685 | Zot:5    | Noticed an ancient lich
 29693 | Zot:5    | Got the Orb of Zot
 29798 | Zot:3    | Noticed Richidgh the pandemonium lord
 29807 | Zot:3    | Identified the cursed +0 kite shield "Bitterness of
                  | Ashenzari" {Cun, Elem} (You took it off a vault guard on
                  | level 14 of the Dungeon)
 29807 | Zot:3    | Identified the cursed amulet "Sybil of Ashenzari" {Regen+,
                  | Elem, Dev} (You found it in a Gauntlet)
 29807 | Zot:3    | Identified the cursed ring "Thunder Perfect Mind" {MP+9,
                  | Dev, Melee} (You found it on level 2 of the Dungeon)
 29807 | Zot:3    | Identified the cursed ring "Profound Augurer" {Slay+4,
                  | Melee, Self} (You found it on level 7 of the Dungeon)
 29807 | Zot:3    | Identified the cursed ring of the Perceptive Sky {EV+5,
                  | Alch, Self} (You took it off Erica on level 9 of the
                  | Dungeon)
 29807 | Zot:3    | Identified the cursed ring of Toth-Mos's Legacy {rCorr,
                  | Dev, Range} (You found it on level 10 of the Dungeon)
 29807 | Zot:3    | Identified the cursed ring of the Esoteric Repose {rC+,
                  | Dev, Elem} (You found it on level 2 of the Lair of Beasts)
 29807 | Zot:3    | Identified the cursed ring of the Eye in the Sky {EV+5,
                  | Dev, Fort} (You found it on level 5 of the Lair of Beasts)
 29807 | Zot:3    | Identified the cursed ring of the Prescient Pleiades {Fire,
                  | Cun, Bglg} (You took it off a minotaur in a Gauntlet)
 29897 | Depths:3 | Noticed a profane servitor
 29901 | Depths:3 | Killed a profane servitor
 29973 | D:15     | Noticed Huleg the pandemonium lord
 29985 | D:15     | Mangled by Huleg the pandemonium lord

Illustrated notes

Levels and vault maps discovered:
D:1:      dpeg_arrival_pits, layout_basic, dreamdust_princess_corridor
D:2:      layout_basic, serial_shops, nicolae_shop_bloodbath_and_beyond,
          nicolae_shop_statue_plus, nicolae_shop_dealshenge, shop
D:3:      layout_loops_ring, ebering_ecumenical_altar_sacrificial
D:4:      layout_loops_ring, minmay_temple_entry_fiery, minivault_5,
          nicolae_wooded_promenade, kennysheep_big_empty_room
D:5:      layout_basic, hellmonk_overflow_destroyed_library,
          nicolae_stop_n_shop_2, serial_library_hellmonk_hallway_a
D:6:      layout_basic, minmay_overflow_temple_star_quad,
          minmay_misc_feat_diagonals, kennysheep_windowed_goal
D:7:      kennysheep_housing_project, layout_basic
D:8:      layout_rooms
D:9:      layout_small_grid, grunt_temple_overflow_diamond,
          due_lair_maze_entry_diamond, minmay_diced_spiral, uniq_erica
D:10:     layout_irregular_city, erik_orc_3, serial_shops, shop,
          fungi_pond_lemuel, serial_bayou_lagoon_a,
          hellmonk_guarded_unrand_vines
D:11:     layout_rooms, nicolae_zig_zag_zippers
D:12:     layout_basic, gauntlet_entry_generic, minmay_pinched_square
D:13:     layout_grid_maze
D:14:     layout_loops_corners, ximxim_vaults_locker_room, serial_park_tiny_1,
          hangedman_abyss_or_decor_stagger, uniq_roxanne, uniq_frances,
          uniq_louise
D:15:     hangedman_depths_entry_civil_slaughter, layout_loops_cross,
          serial_shops, nicolae_shop_tiny_statue_garden
Temple:   dpeg_chambers_temple
Lair:1:   layout_gridlike, grunt_megastairs_3
Lair:2:   layout_chaotic_city, grunt_forest_large_clearings
Lair:3:   layout_loops_ring, mainiacjoe_shoals_entry_four_pools,
          nicolae_spider_entry_orb_guardian, chequers_serial_rivers_micro_c,
          serial_bayou_pond_c, hibernation_bobbens, uniq_amaemon
Lair:4:   layout_roguey, dpeg_slime_entry_enclosed, serial_bayou_shore_b,
          grunt_megastairs_5, serial_bayou_shore_b, serial_bayou_shore_a
Lair:5:   minmay_lair_end_enchanted_forest, layout_gridlike
Shoals:1: layout_shoals, serial_shops, nicolae_lakefront_shop
Shoals:2: layout_shoals, nicolae_shoals_lost_giant_temple
Shoals:3: layout_shoals, nicolae_shoals_shepherds, uniq_mlioglotl
Shoals:4: shoals_end_hangedman, layout_shoals, serial_shops,
          nicolae_shop_pleasant_corner_grove
Spider:1: layout_spider_delve
Spider:2: layout_spider_delve
Spider:3: layout_chambers, nicolae_spider_solar_radiation,
          hangedman_spider_tarantella_strand
Spider:4: grunt_spider_rune_circles
Depths:1: layout_cross, enter_ziggurat_a, gammafunk_ghost_cemetery,
          hangedman_tar_grid_catacomb, rand_demon_pan_entry_1,
          nrook_mini_vaults, hangedman_decor_push, tgw_lugonu_bribe,
          minmay_shop_grove, uniq_norris
Depths:2: minmay_firetagon, layout_small_grid, pan_entry, grunt_metal_band,
          nicolae_hepliaklqana_hippocampus, kennysheep_opposing_triangles
Depths:3: regret_index_dithmenos_brocken_genspenst, layout_honeycomb,
          hangedman_abyss_entry_splay, pf_dread_powers_of_hell,
          grunt_pan_entry_spiral, nicolae_kite_square_tiling_tiny,
          serial_co_window_serial, co_window_paths_b, co_window_corner_a,
          co_window_of_opportunity_a, co_window_paths_a, co_window_corner_a,
          co_window_paths_a, co_window_of_opportunity_b, co_window_corner_b,
          co_window_paths_d, glass_columns_a, glass_columns_b, serial_shops,
          shop, nicolae_shop_tiny_real_fake_doors, nicolae_shop_behind_doors
Depths:4: evilmike_zot_entry_diamond, layout_cave_shapes,
          nicolae_wu_jian_immortal_techniques, hellmouth_1, minmay_liquid_box,
          eino_small_chamber_without_monster, grunt_ministairs_4
Zot:1:    layout_onion_interference, st_stairs_14, st_large_dragon_hoard_2,
          grunt_megastairs_4, uniq_grunn
Zot:2:    layout_concentric_octagons
Zot:3:    regret_index_all_hallows'_manor, layout_misc_corridors,
          regret_index_zotdec_misc_clamp, regret_index_zotdec_bone_old,
          nicolae_zot_crop_circle
Zot:4:    layout_cathedral_of_symmetry, hangedman_zot_decor_scrapings
Zot:5:    layout_gridlike, skrybe_zot_glass_3

Skill      XL: |  1  2  3  4  5  6  7  8  9 10 11 12 13 14 15 16 17 18 19 20 |
---------------+-------------------------------------------------------------+-----
Shapeshifting  | 4 5 6 7 9 10 13 15 | 15.0
Fighting       | 2 3 4 7 9 12 13 14 15 16 | 16.9
Dodging        | 5 8 9 10 12 14 15 16 17 | 17.7
Unarmed Combat | 4 8 10 11 12 13 14 15 16 | 16.1
Evocations     | 2 4 |  4.6
Shields        | 2 8 9 12 14 15 16 | 16.6

Action                     |  1- 3 |  4- 6 |  7- 9 | 10-12 | 13-15 | 16-18 | 19-21 || total
---------------------------+-------+-------+-------+-------+-------+-------+-------++-------
  Melee: Unarmed           |    57 |       |       |   193 |   717 |   949 |   411 ||  2327
         Constrict         |    14 |    12 |    48 |    53 |   109 |   150 |    62 ||   448
         Tentacles         |    16 |    14 |    37 |   110 |   160 |   292 |   135 ||   764
         Punch             |     2 |     1 |     6 |    33 |    60 |   128 |    91 ||   321
         Quarterstaff      |       |    74 |   183 |   182 |       |       |       ||   439
  Throw: Dart              |       |       |     2 |       |       |       |       ||     2
 Invoke: Curse Item        |       |       |     1 |     4 |     4 |     2 |       ||    11
         Shatter the Chain |       |       |       |       |     1 |       |       ||     1
  Evoke: Wand              |       |       |       |     7 |       |     2 |     5 ||    14
    Use: Scroll            |       |       |    16 |     4 |     3 |     4 |    25 ||    52
         Potion            |       |       |     2 |     5 |       |     3 |    11 ||    21
   Stab: Sleeping          |     5 |    10 |     3 |     3 |    13 |     4 |     2 ||    40
         Distracted        |       |       |     1 |     1 |     1 |     1 |       ||     4
         Paralysed         |       |       |       |     5 |       |       |       ||     5
         Petrified         |       |       |       |       |       |     2 |       ||     2
         Invisible         |       |       |       |       |       |       |     3 ||     3
 Armour: Skin              |    33 |    31 |   122 |   211 |   370 |   667 |   353 ||  1787
  Dodge: Dodged            |    34 |    28 |   133 |   345 |   979 |  1875 |   767 ||  4161
  Block: Buckler           |       |       |       |       |    19 |       |       ||    19
         Kite shield       |       |       |       |       |   312 |  1107 |   460 ||  1879
   Form: Blade             |       |       |       |     1 |       |       |       ||     1
         Statue            |       |       |       |       |     1 |       |       ||     1

Table legend: (Time is in decaauts)
 A = Elapsed time spent in this place.
 B = Non-inter-level travel time spent in this place.
 C = Inter-level travel time spent in this place.
 D = Time resting spent in this place.
 E = Time spent auto-exploring this place.
 F = Levels seen in this place.
 G = Mean time per level.
                   A        B        C        D        E       F      G
               +--------+--------+--------+--------+--------+-----+--------+
         Total |  35112 |  31721 |   3391 |   4913 |  18344 |  41 |  856.4 |
       Dungeon |  18929 |  16957 |   1972 |   3270 |  10699 |  15 | 1261.9 |
        Temple |     90 |     65 |     25 |     49 |      0 |   1 |   90.0 |
          Lair |   4893 |   4341 |    552 |    463 |   2955 |   5 |  978.6 |
        Shoals |   4235 |   4030 |    205 |    111 |   2417 |   4 | 1058.8 |
   Spider Nest |   1889 |   1696 |    193 |    201 |    718 |   4 |  472.2 |
        Depths |   2618 |   2216 |    402 |     82 |   1141 |   4 |  654.5 |
           Zot |   1908 |   1867 |     41 |    684 |    207 |   5 |  381.6 |
         Abyss |    320 |    320 |      0 |     52 |     31 |   2 |  160.0 |
      Gauntlet |    228 |    228 |      0 |      0 |    174 |   1 |  228.0 |
               +--------+--------+--------+--------+--------+-----+--------+

Top non-repeatable levels by time:
    D:10: 2033 daAuts
Shoals:4: 1829 daAuts
     D:7: 1785 daAuts
     D:9: 1721 daAuts
Shoals:1: 1546 daAuts
    D:15: 1516 daAuts
     D:6: 1506 daAuts
Depths:3: 1357 daAuts
    D:14: 1329 daAuts
    D:13: 1282 daAuts
Spider:4: 1185 daAuts
     D:2: 1163 daAuts
     D:4: 1127 daAuts
    D:11: 1117 daAuts
  Lair:5: 1115 daAuts
